 Dungeon Crawl Stone Soup version 0.26.0-11-g8f856b5395 (webtiles) character file.

Game seed: 5186722743099811633

244 musicismath the Chopper (level 5, -5/47 HPs)
             Began as a Minotaur Berserker on Jan 15, 2021.
             Was a Believer of Trog.
             Slain by a gnoll
             ... wielding a +0 flail
              (8 damage)
             ... on level 4 of the Dungeon.
             The game lasted 00:16:31 (2903 turns).

musicismath the Chopper (Minotaur Berserker)        Turns: 2903, Time: 00:16:36

Health: -5/47      AC:  3    Str: 22    XL:     5   Next: 83%
Magic:  4/4        EV: 12    Int:  4    God:    Trog [**....]
Gold:   133        SH:  0    Dex: 10    Spells: 4/4 levels left

rFire    . . .     SeeInvis .   a - +0 hand axe
rCold    . . .     Faith    .   (no shield)
rNeg     . . .     Spirit   .   e - +0 leather armour
rPois    .         Reflect  .   (helmet restricted)
rElec    .         Harm     .   (no cloak)
rCorr    .         Rampage  .   (no gloves)
Will     .....                  (no boots)
Stlth    +.........             (no amulet)
HPRegen  0.15/turn              (no ring)
MPRegen  0.09/turn              (no ring)

@: berserk cooldown, slowed, very slow
A: retaliatory headbutt, horns 2
a: Renounce Religion, Berserk, Trog's Hand


You were on level 4 of the Dungeon.
You worshipped Trog.
Trog was pleased with you.
You visited 1 branch of the dungeon, and saw 5 of its levels.

You collected 133 gold pieces.

Inventory:

Hand Weapons
 a - a +0 hand axe (weapon)
 i - a +0 whip
 j - a +0 hunting sling
Missiles
 k - 80 stones (quivered)
Armour
 b - a +0 animal skin
 e - a +0 leather armour (worn)
Jewellery
 m - an uncursed ring of protection from fire
Scrolls
 c - a scroll of remove curse
 f - 4 scrolls of identify
 g - 2 scrolls of noise {unknown}
 l - 2 scrolls of amnesia {unknown}
 n - 2 scrolls of teleportation {unknown}
Potions
 d - 2 potions of brilliance
 h - a potion of flight {unknown}
 o - a potion of might {unknown}
 p - a potion of curing {unknown}
 q - a potion of heal wounds {unknown}


   Skills:
 + Level 4.9 Fighting
 + Level 6.2 Axes
 + Level 3.0 Armour
 + Level 3.1 Dodging
 + Level 0.9 Stealth


You had 4 spell levels left.
You didn't know any spells.
Your spell library was empty.

Dungeon Overview and Level Annotations

Branches:
Dungeon (5/15)
 Temple: D:4-7

Altars:
Cheibriados
Elyvilon
Hepliaklqana
Makhleb
Uskayaw
Xom
Zin

Shops:
D:5 =}


Innate Abilities, Weirdness & Mutations

You reflexively headbutt those who attack you in melee.
You have a pair of horns on your head.


Message History

The gnoll completely misses you.
Your skin stops crawling.
You feel less strong-willed.
You closely miss the gnoll. The gnoll closely misses you.
The gnoll hits you from afar with a +0 halberd!
The gnoll hits you with a +0 flail.
* * * LOW HITPOINT WARNING * * *
You are too injured to fight recklessly!
As you read the scroll labelled MOGUMM RAUCE, it crumbles to dust.
It is a scroll of identify.
d - 2 potions of brilliance The gnoll hits you but does no damage.
The gnoll closely misses you.
There are monsters nearby!
As you read the scroll labelled PEK FULUBBOR, it crumbles to dust.
You feel blessed for a moment.
It was a scroll of remove curse.
The gnoll hits you with a +0 flail!
* * * LOW HITPOINT WARNING * * *
The gnoll hits you from afar with a +0 halberd.
* * * LOW HITPOINT WARNING * * *
The gnoll hits you with a +0 flail!
You die...

.......>.# #......#
.........#####......#
.........##.........#
.........##........^#
.........##.........#
...####'###.........#
... #.# #..gg..####
## #.# ####g### #@#
#†# #g# #g# #g# #.#
#g######.# #g..g..gg#
##########


You could see 4 gnolls.

Vanquished Creatures
  A bullfrog skeleton (D:5)
  An iguana (D:4)
  A hound zombie (D:5)
  7 adders
  2 gnolls (D:4)
  A shadow imp (D:3)
  2 oozes
  3 worms
  A dart slug (D:3)
  A leopard gecko (D:3)
  2 ball pythons
  9 bats
  4 giant cockroaches (D:2)
  7 goblins
  6 hobgoblins
  3 jackals (D:2)
  11 kobolds
  3 frilled lizards
  6 rats
71 creatures vanquished.

Notes
Turn   | Place    | Note
-------+----------+-------------------------------------------
     0 | D:1      | musicismath the Minotaur Berserker began the quest for the
                  | Orb.
     0 | D:1      | Reached XP level 1. HP: 19/19 MP: 0/0
   290 | D:1      | Reached XP level 2. HP: 27/27 MP: 1/1
   320 | D:1      | Reached skill level 4 in Axes
   948 | D:2      | Reached XP level 3. HP: 33/33 MP: 2/2
  1036 | D:2      | Found a hide-covered altar of Uskayaw.
  1137 | D:2      | Reached ** piety under Trog
  1185 | D:2      | Found a white marble altar of Elyvilon.
  1340 | D:2      | Reached skill level 5 in Axes
  1340 | D:2      | Reached XP level 4. HP: 38/41 MP: 3/3
  1503 | D:2      | Found a shimmering altar of Xom.
  1505 | D:2      | Found a sacrificial altar of Ru.
  1505 | D:2      | Found a burning altar of Makhleb.
  1510 | D:2      | Found a snail-covered altar of Cheibriados.
  1510 | D:2      | Found a glowing silver altar of Zin.
  1510 | D:2      | Found a shimmering altar of Xom.
  1928 | D:2      | Found a hazy altar of Hepliaklqana.
  2311 | D:3      | Reached XP level 5. HP: 42/47 MP: 4/4
  2408 | D:3      | You fall into a shaft and drop 2 floors!
  2408 | D:5      | Entered Level 5 of the Dungeon
  2408 | D:5      | Found Erhyh's Jewellery Shop.
  2480 | D:5      | Found Kaasunip's Gadget Shoppe.
  2638 | D:4      | Reached skill level 6 in Axes
  2903 | D:4      | Slain by a gnoll

Illustrated notes

Levels and vault maps discovered:
D:1:      psy_arrival_conway, layout_rooms
D:2:      layout_basic, eat_drink_and_be_merry_uskayaw,
          nzn_hepliaklqana_mist_gate, general_overflow_altar,
          doesnt_xom_only_xom
D:3:      layout_basic, amethyst_overflow_temple_binary, uniq_ijyb
D:4:      layout_basic, evilmike_ruin_ashenzari, kennysheep_mini_moat,
          old_standard_altar, minmay_temple_entry_junction, serial_shops, shop,
          minmay_ogre_servants
D:5:      layout_basic, lemuel_round_altar, marbit_many_paths, serial_shops,
          nicolae_shop_window_shopping, shop, shop, tso_metal_star,
          uniq_duvessa, uniq_sigmund

Skill      XL: |  1  2  3  4  5 |
---------------+----------------+-----
Fighting       | 4 |  4.9
Axes           | 4 5 6 |  6.2
Dodging        | 3 |  3.1
Armour         | 3 |  3.0
Stealth        | |  0.9

Action                   |  1- 3 |  4- 6 || total
-------------------------+-------+-------++-------
Melee: Hand axe          |    84 |    85 ||   169
       Headbutt          |    10 |    13 ||    23
Throw: Stone             |       |     1 ||     1
       Throwing net      |       |     1 ||     1
Invok: Berserk           |     2 |     3 ||     5
       Trog's Hand       |       |     1 ||     1
  Use: Scroll            |       |     2 ||     2
Armor: Leather armour    |    22 |    21 ||    43
Dodge: Dodged            |    47 |    78 ||   125
